 Dungeon Sprint DCSS version 0.20.1-1-g8b1a95d (webtiles) character file.

208 suicidejoker the Unseen (level 10, -4/73 HPs)
             Began as an Octopode Assassin on Aug 24, 2017.
             Was the Champion of Cheibriados.
             Slain by the 27-headed Lernaean hydra (12 damage)
             ... in the Dungeon (Sprint VI: "Thunderdome").
             The game lasted 00:10:49 (418 turns).

suicidejoker the Unseen (Octopode Assassin)          Turns: 418, Time: 00:10:59

Health: -4/73      AC:  1    Str: 45    XL:     10   Next: 14%
Magic:  19/19      EV: 25    Int: 42    God:    Cheibriados [******]
Gold:   5          SH:  0    Dex: 41    Spells: 9/9 levels left

rFire    + + +     SeeInvis .   a - +2 dagger
rCold    x . .     Gourm    .   (no shield)
rNeg     + + +     Faith    .   (helmet restricted)
rPois    +         Spirit   .   r - amulet "Xokicapn" {RegenMP rElec rN+ Dex+2}
rElec    +         Reflect  .   p - ring "Pommem" {Fire rN++ Int-5 Dex+4}
rCorr    +         Harm     .   q - ring "Hofoamunk" {rF+++ Stlth+}
MR       ++...     NoTele   +   s - ring "Xejuebia" {*Slow rElec rC+ Str+9 Dex+5}
Stlth    ++++++++++             t - ring of Nopudduj {+Inv Int+4 Dex+2 Stlth+}
Regen    0.3/turn               u - ring "Fule" {rPois rC- Str+4 Int+5}
MPRegen  0.3/turn               v - ring of Ihui {rCorr MR+ Stlth+}
                                z - ring of Asucwoez {MR+ Int+9}
                                x - ring "Sasaul" {rCorr Str+3}

@: very slow
A: almost no armour, stealthy swim, amphibious, 8 rings, constrict 8, camouflage
1, gelatinous body 1
a: Bend Time, Temporal Distortion, Slouch, Step From Time, Renounce Religion,
Evoke Invisibility


You were in the Dungeon.
You worshipped Cheibriados.
Cheibriados was exalted by your worship.
You were not hungry.

You visited 1 branch You collected 500 gold pieces.
You spent 495 gold pieces at shops.

Inventory:

Hand Weapons
 a - a +2 dagger (weapon)
 b - a +0 blowgun
Missiles
 c - 8 poisoned needles
 d - 2 curare-tipped needles
Jewellery
 p - the ring "Pommem" (left tentacle) {Fire rN++ Int-5 Dex+4}
   (You bought it in a shop in the Dungeon)

   [ring of fire]

   It enhances your fire magic.
   It affects your intelligence (-5).
   It affects your dexterity (+4).
   It protects you from fire.
   It makes you vulnerable to cold.
   It greatly protects you from negative energy.
 q - the ring "Hofoamunk" (right tentacle) {rF+++ Stlth+}
   (You bought it in a shop in the Dungeon)

   [ring of stealth]

   It renders you almost immune to fire.
   It makes you more stealthy.
 r - the amulet "Xokicapn" (around mantle) {RegenMP rElec rN+ Dex+2}
   (You bought it in a shop in the Dungeon)

   [amulet of magic regeneration]

   It increases your magic regeneration.
   It affects your dexterity (+2).
   It insulates you from electricity.
   It protects you from negative energy.
 s - the ring "Xejuebia" (on tentacle) {*Slow rElec rC+ Str+9 Dex+5}
   (You bought it in a shop in the Dungeon)

   [ring of dexterity]

   It affects your strength (+9).
   It affects your dexterity (+5).
   It protects you from cold.
   It insulates you from electricity.
   It may slow you when you take damage.
 t - the ring of Nopudduj (on tentacle) {+Inv Int+4 Dex+2 Stlth+}
   (You bought it in a shop in the Dungeon)

   [ring of stealth]

   It affects your intelligence (+4).
   It affects your dexterity (+2).
   It lets you turn invisible.
   It makes you more stealthy.
 u - the ring "Fule" (on tentacle) {rPois rC- Str+4 Int+5}
   (You bought it in a shop in the Dungeon)

   [ring of strength]

   It affects your strength (+4).
   It affects your intelligence (+5).
   It makes you vulnerable to cold.
   It protects you from poison.
 v - the ring of Ihui (on tentacle) {rCorr MR+ Stlth+}
   (You bought it in a shop in the Dungeon)

   [ring of resist corrosion]

   It affects your resistance to hostile enchantments.
   It makes you more stealthy.
 w - the ring "Bozeinuq" {Wiz *Corrode Int+4 Stlth+}
   (You bought it in a shop in the Dungeon)

   [ring of wizardry]

   It improves your spell success rate.
   It affects your intelligence (+4).
   It may corrode you when you take damage.
   It makes you more stealthy.
 x - the ring "Sasaul" (on tentacle) {rCorr Str+3}
   (You bought it in a shop in the Dungeon)

   [ring of resist corrosion]

   It affects your strength (+3).
 y - the ring "Genkofae" {Fire rElec}
   (You bought it in a shop in the Dungeon)

   [ring of fire]

   It enhances your fire magic.
   It protects you from fire.
   It makes you vulnerable to cold.
   It insulates you from electricity.
 z - the ring of Asucwoez (on tentacle) {MR+ Int+9}
   (You bought it in a shop in the Dungeon)

   [ring of protection from magic]

   It affects your intelligence (+9).
   It affects your resistance to hostile enchantments.
Wands
 l - a wand of acid (5/15)
 m - a wand of iceblast (5/15)
Scrolls
 k - 4 scrolls of blinking
 n - 3 scrolls of fog
Potions
 e - a potion of curing
 g - 4 potions of heal wounds
 h - 4 potions of haste
 i - 2 potions of magic
 j - a potion of berserk rage
 o - a potion of resistance
Comestibles
 f - a bread ration


   Skills:
 - Level 8.6 Fighting
 - Level 11.8 Short Blades
 - Level 2.0 Throwing
 - Level 8.4 Dodging
 - Level 16.4 Stealth
 + Level 12.1 Evocations


You had 9 spell levels left.
You didn't know any spells.

Dungeon Overview and Level Annotations

Branches:
Dungeon (1/1)

Altars:
Cheibriados
Dithmenos
Fedhas
Gozag
Kikubaaqudgha
Makhleb
Okawaru
Qazlal
Ru
Sif Muna
Trog
Uskayaw
Vehumet
Xom
Yredelemnul
Zin
The Shining One
Beogh
Jiyva
Lugonu

Shops:
D *[%??*?*:[((!!!!

Annotations:
D Lernaean hydra


Innate Abilities, Weirdness & Mutations

You cannot wear most types of armour.
You are very stealthy in the water. (Stealth+)
You are amphibious.
You can wear up to eight rings at the same time.
You can use your tentacles to constrict eight enemies at once.
Your skin changes colour to match your surroundings (Stealth+).
Your rubbery body absorbs attacks. (AC +1, EV +1)


Message History

Cheibriados thoroughly appreciates the change of pace.
Your Evocations skill increases to level 12!
There is a staircase leading out of the dungeon here.
You start resting.
A spriggan rider comes into view. It is wielding a spear.
A swamp drake comes into view.
The 27-headed Lernaean hydra comes into view.
The 27-headed Lernaean hydra roars deafeningly!
The 27-headed Lernaean hydra bites you.
The 27-headed Lernaean hydra bites you! x2
The 27-headed Lernaean hydra closely misses you.
The 27-headed Lernaean hydra bites you. x2
The 27-headed Lernaean hydra bites you!
* * * LOW HITPOINT WARNING * * *
The 27-headed Lernaean hydra bites you.
* * * LOW HITPOINT WARNING * * *
The 27-headed Lernaean hydra misses you. x2
The 27-headed Lernaean hydra bites you!
* * * LOW HITPOINT WARNING * * *
The 27-headed Lernaean hydra bites you!
You die...

#_......._# #_......._#
#_........# ###..k......###
#⌠...†.......⌠#
######.8[.†......8.######
##∩_._......###......___∩##
##∩........8.# #.8........∩###
.............###@D...........##
.........[###...###....÷.....⌠#
..........# #.<.# #..........⌠#
..........###...###..........⌠#
.............###.............##
##∩.......[8.# #.8........∩###
##∩.__...).)###......___∩##
######.8..)......8.######
#⌠....)......⌠#


You could see the 27-headed Lernaean hydra.

Vanquished Creatures
  6 deep elf magi (D)
  2 spiny frogs (D)
  A blink frog (D)
  Prince Ribbit (D)
  A vampire mosquito (D)
  2 bullfrogs (D)
  2 wights (D)
  A howler monkey (D)
  An ooze (D)
  2 bat skeletons (D)
  A bat zombie (D)
  A giant cockroach (D)
  A frilled lizard (D)
  A quokka skeleton (D)
23 creatures vanquished.

Notes
Turn   | Place    | Note
-------+----------+-------------------------------------------
     0 | D        | suicidejoker the Octopode Assassin began the quest for the Orb.
     0 | D        | Reached XP level 1. HP: 14/14 MP: 1/1
     1 | D        | Found a stormy altar of Qazlal.
     2 | D        | Found a basalt altar of Yredelemnul.
     2 | D        | Found a burning altar of Makhleb.
     3 | D        | Found a corrupted altar of Lugonu.
     3 | D        | Found a snail-covered altar of Cheibriados.
     4 | D        | Found a hide-covered altar of Uskayaw.
     4 | D        | Found a glowing silver altar of Zin.
     4 | D        | Found Kessuej's Staff Store.
     4 | D        | Found Elamed's Magic Scroll Shop.
     5 | D        | Found Qeicer's Must-Have Magic.
     5 | D        | Found Nugg's Magic Scroll Shop.
     5 | D        | Round 1.
     7 | D        | Found a shadowy altar of Dithmenos.
    11 | D        | Became a worshipper of Cheibriados the Contemplative
    16 | D        | Noticed a howler monkey
    27 | D        | Killed a howler monkey
    27 | D        | Reached skill level 7 in Stealth
    27 | D        | Reached XP level 2. HP: 21/21 MP: 2/2
    27 | D        | Reached XP level 3. HP: 26/26 MP: 3/3
    38 | D        | Found a blossoming altar of Fedhas.
    38 | D        | Found Vupsoh's Distillery.
    38 | D        | Found Teinkim's Distillery.
    39 | D        | Found Bopy Faapn's Bottled Wisdom.
    44 | D        | Found Odenyari's Do-It-Yourself Clinic.
    44 | D        | Found an opulent altar of Gozag.
    44 | D        | Found an ancient bone altar of Kikubaaqudgha.
    44 | D        | Found an iron altar of Okawaru.
    49 | D        | Reached * piety under Cheibriados
    59 | D        | Found a bloodstained altar of Trog.
    63 | D        | Found a radiant altar of Vehumet.
    63 | D        | Found a glowing golden altar of the Shining One.
    63 | D        | Found Ucih's Weapon Rack.
    63 | D        | Found Jaugoru's Basic Armour.
    64 | D        | Found Fuidigeu's Miscellaneous Merchandise.
    69 | D        | Found Cifopp's Premium Goods.
    69 | D        | Found a shimmering altar of Xom.
    69 | D        | Found a sacrificial altar of Ru.
    80 | D        | Found a deep blue altar of Sif Muna.
    82 | D        | Found a roughly hewn altar of Beogh.
    82 | D        | Found Astroaneu's Identification Station.
    82 | D        | Found Doakhion's Advanced Armour.
    83 | D        | Found Xopu's Jewellery.
    88 | D        | Found Diricva Qehi's Bee Food.
    88 | D        | Found a viscous altar of Jiyva.
    95 | D        | Bought a transparent lapis lazuli ring for 45 gold pieces
    95 | D        | Bought a shimmering brass ring for 45 gold pieces
    95 | D        | Bought a crude ruby amulet for 45 gold pieces
    95 | D        | Identified the ring "Pommem" {Fire rN++ Int-5 Dex+4} (You bought it in a shop in the Dungeon)
    96 | D        | Identified the ring "Hofoamunk" {rF+++ Stlth+} (You bought it in a shop in the Dungeon)
    97 | D        | Identified the amulet "Xokicapn" {RegenMP rElec rN+ Dex+2} (You bought it in a shop in the Dungeon)
    98 | D        | Bought a smoking bronze ring for 45 gold pieces
    98 | D        | Identified the ring "Xejuebia" {*Slow rElec rC+ Str+9 Dex+5} (You bought it in a shop in the Dungeon)
   124 | D        | Reached ** piety under Cheibriados
   134 | D        | Arena points: 5 (+5) [x1]
   145 | D        | Round 2.
   154 | D        | Reached *** piety under Cheibriados
   161 | D        | Reached skill level 5 in Short Blades
   161 | D        | Reached skill level 8 in Stealth
   161 | D        | Reached XP level 4. HP: 30/33 MP: 4/4
   165 | D        | Reached **** piety under Cheibriados
   165 | D        | Reached skill level 9 in Stealth
   165 | D        | Reached XP level 5. HP: 32/38 MP: 5/5
   189 | D        | Arena points: 33 (+28) [x2]
   200 | D        | Round 3.
   203 | D        | Bought a heavily runed glass ring for 45 gold pieces
   203 | D        | Identified the ring of Nopudduj {+Inv Int+4 Dex+2 Stlth+} (You bought it in a shop in the Dungeon)
   222 | D        | Noticed a blink frog
   226 | D        | Noticed Prince Ribbit
   229 | D        | Killed a blink frog
   229 | D        | Reached ***** piety under Cheibriados
   229 | D        | Reached skill level 5 in Fighting
   229 | D        | Reached skill level 5 in Dodging
   229 | D        | Reached skill level 11 in Stealth
   229 | D        | Reached XP level 6. HP: 46/46 MP: 6/6
   232 | D        | Killed Prince Ribbit
   232 | D        | Reached skill level 12 in Stealth
   232 | D        | Reached XP level 7. HP: 48/53 MP: 7/7
   240 | D        | Noticed a spiny frog
   247 | D        | Killed a spiny frog
   247 | D        | Reached skill level 14 in Stealth
   267 | D        | Noticed a spiny frog
   275 | D        | Reached skill level 10 in Short Blades
   275 | D        | Reached XP level 8. HP: 60/60 MP: 8/8
   282 | D        | Killed a spiny frog
   285 | D        | Reached ****** piety under Cheibriados
   285 | D        | Arena points: 96 (+63) [x3]
   285 | D        | Reached skill level 15 in Stealth
   297 | D        | Bought a crude tin ring for 45 gold pieces
   297 | D        | Bought a shimmering granite ring for 45 gold pieces
   297 | D        | Identified the ring "Fule" {rPois rC- Str+4 Int+5} (You bought it in a shop in the Dungeon)
   298 | D        | Identified the ring of Ihui {rCorr MR+ Stlth+} (You bought it in a shop in the Dungeon)
   322 | D        | Round 4.
   323 | D        | Noticed a deep elf mage
   323 | D        | Noticed a deep elf mage
   323 | D        | Noticed a deep elf mage
   323 | D        | Noticed a deep elf mage
   325 | D        | Noticed a deep elf mage
   326 | D        | Noticed a deep elf mage
   327 | D        | Killed a deep elf mage
   328 | D        | Killed a deep elf mage
   328 | D        | Reached skill level 16 in Stealth
   328 | D        | Reached XP level 9. HP: 67/67 MP: 9/9
   337 | D        | Killed a deep elf mage
   340 | D        | Killed a deep elf mage
   340 | D        | Killed a deep elf mage
   340 | D        | Reached skill level 10 in Evocations
   346 | D        | Killed a deep elf mage
   346 | D        | Arena points: 208 (+112) [x4]
   346 | D        | Reached XP level 10. HP: 40/73 MP: 10/18
   369 | D        | Bought a bound bronze ring for 45 gold pieces
   369 | D        | Bought a slimy glass ring for 45 gold pieces
   369 | D        | Bought a vibrating glass ring for 45 gold pieces
   369 | D        | Bought a faintly glowing lapis lazuli ring for 45 gold pieces
   369 | D        | Identified the ring "Bozeinuq" {Wiz *Corrode Int+4 Stlth+} (You bought it in a shop in the Dungeon)
   370 | D        | Identified the ring "Sasaul" {rCorr Str+3} (You bought it in a shop in the Dungeon)
   372 | D        | Identified the ring "Genkofae" {Fire rElec} (You bought it in a shop in the Dungeon)
   374 | D        | Identified the ring of Asucwoez {MR+ Int+9} (You bought it in a shop in the Dungeon)
   380 | D        | Round 5.
   411 | D        | Noticed a spriggan rider
   414 | D        | Noticed the 27-headed Lernaean hydra
   418 | D        | Slain by the 27-headed Lernaean hydra

Skill      XL: |  1  2  3  4  5  6  7  8  9 10 |
---------------+-------------------------------+-----
Fighting       | 3 4 5 6 7 8 |  8.6
Short Blades   | 4 5 6 7 8 10 11 | 11.8
Dodging        | 2 3 5 6 8 |  8.4
Stealth        | 7 8 9 11 12 14 16 | 16.4
Evocations     | 11 12 | 12.1
Throwing       | |  2.0

Action                   |  1- 3 |  4- 6 |  7- 9 | 10-12 || total
-------------------------+-------+-------+-------+-------++-------
Melee: Dagger            |    16 |     8 |    31 |     2 ||    57
       Tentacles         |     6 |     7 |    19 |     2 ||    34
       Constrict         |     5 |     5 |     8 |     1 ||    19
 Stab: Distracted        |     1 |       |     2 |       ||     3
Armor: Skin              |     1 |       |       |       ||     1
Dodge: Dodged            |    18 |     4 |    26 |     7 ||    55
